3AAA
HAMILTON COYOTES @ ELLENBURG FIGHTING DACHSUNDS
08/06/2028
 
TOP OF THE 1ST
Hamilton Coyotes batting - Pitching for Ellenburg Fighting Dachsunds : LHP Maxime Janssens
Pitching: LHP Maxime Janssens
Batting: RHB Elia Amberezzio 0-0: Ball
1-0: Swinging Strike
1-1: Ball
2-1: Ball
3-1: Base on Balls
Batting: RHB Juanito González 0-0: Called Strike
Elia Amberezzio steals 2nd base
0-1: Swinging Strike
0-2: Ground out 6-3 (Groundball, 6)
Elia Amberezzio to third
Batting: RHB Jeffery Campbell 0-0: SINGLE (Groundball, 56D)
Elia Amberezzio scores
Batting: SHB Martín Marrero 0-0: Ball
1-0: Ball
Passed Ball!
Jeffery Campbell to second
2-0: Ball
3-0: Base on Balls
Batting: RHB Júlio Rodríguez 0-0: Foul Ball, location: 2F
0-1: Ball
1-1: SINGLE (Line Drive, 8LS)
Jeffery Campbell to third
Martín Marrero to second
Batting: RHB Robbie Roach 0-0: Called Strike
0-1: Ball
1-1: Swinging Strike
1-2: Foul Ball, location: 2F
1-2: Ball
2-2: Ball
3-2: Fly out, F2 (Popup, P)
Batting: RHB Bob Sargent 0-0: Fly out, F8 (Flyball, 8LS)
Top of the 1st over - 1 run(s), 2 hit(s), 0 error(s), 3 left on base; Hamilton 1 - Ellenburg 0
BOTTOM OF THE 1ST
Ellenburg Fighting Dachsunds batting - Pitching for Hamilton Coyotes : LHP Earl Brown
Pitching: LHP Earl Brown
Batting: RHB Norman Winston 0-0: Called Strike
0-1: Called Strike
0-2: Strikes out swinging
Batting: RHB José Vázquez 0-0: Ball
1-0: Foul Ball, location: 2F
1-1: Called Strike
1-2: Ball
2-2: Strikes out looking
Batting: RHB Jack Burton 0-0: Called Strike
0-1: Ball
1-1: Ground out 4-3 (Groundball, 4S)
Bottom of the 1st over - 0 run(s), 0 hit(s), 0 error(s), 0 left on base; Hamilton 1 - Ellenburg 0
TOP OF THE 2ND
Hamilton Coyotes batting - Pitching for Ellenburg Fighting Dachsunds : LHP Maxime Janssens
Batting: LHB Ruben Yim 0-0: Ground out 6-3 (Groundball, 6M)
Batting: RHB Howard Fewell 0-0: Called Strike
0-1: Foul Ball, location: 2F
0-2: Strikes out swinging
Batting: RHB Elia Amberezzio 0-0: Ball
1-0: Ball
2-0: Fly out, F4 (Popup, 3D)
Top of the 2nd over - 0 run(s), 0 hit(s), 0 error(s), 0 left on base; Hamilton 1 - Ellenburg 0
BOTTOM OF THE 2ND
Ellenburg Fighting Dachsunds batting - Pitching for Hamilton Coyotes : LHP Earl Brown
Batting: RHB Preston Hernández 0-0: Called Strike
0-1: Ball
1-1: Ball
2-1: Fly out, F6 (Popup, 6)
Batting: RHB Héctor Rivera 0-0: Called Strike
0-1: Swinging Strike
0-2: Strikes out swinging
Batting: LHB José Ortega 0-0: Called Strike
0-1: Ball
1-1: Ball
2-1: SINGLE (Line Drive, 9LS)
Batting: RHB Edwin Berns 0-0: Ball
1-0: Swinging Strike
1-1: Called Strike
1-2: Ball
2-2: SINGLE (Groundball, 6MD)
José Ortega to second
Batting: RHB Marty Jennings 0-0: Called Strike
0-1: Ball
1-1: Foul Ball, location: 2F
1-2: Ball
2-2: Foul Ball, location: 2F
2-2: Foul Ball, location: 2F
2-2: Reached on error, E5 (Groundball, 5S)
José Ortega scores
Edwin Berns to third
Batting: RHB Roy Bowman 0-0: Ball
1-0: Called Strike
1-1: SINGLE (Groundball, 4D)
Edwin Berns scores
Marty Jennings to third
Runner from 3rd tries for Home, SAFE, no throw
Batting: RHB Norman Winston 0-0: Ball
1-0: Ball
2-0: Called Strike
2-1: Ground out 6-3 (Groundball, 6S)
Bottom of the 2nd over - 3 run(s), 3 hit(s), 1 error(s), 1 left on base; Hamilton 1 - Ellenburg 3
TOP OF THE 3RD
Hamilton Coyotes batting - Pitching for Ellenburg Fighting Dachsunds : LHP Maxime Janssens
Batting: RHB Juanito González 0-0: Ball
1-0: Reached on error, E6 (Groundball, 6)
Batting: RHB Jeffery Campbell 0-0: Called Strike
0-1: Ball
1-1: Swinging Strike
1-2: Ball
2-2: Strikes out swinging
Batting: SHB Martín Marrero 0-0: Ball
1-0: Called Strike
1-1: Ball
Juanito González steals 2nd base
2-1: Swinging Strike
2-2: Ground out 5-3 (Groundball, 56)
Batting: RHB Júlio Rodríguez 0-0: Ball
1-0: Called Strike
1-1: Ball
2-1: Ground out 6-3 (Groundball, 6)
Top of the 3rd over - 0 run(s), 0 hit(s), 1 error(s), 1 left on base; Hamilton 1 - Ellenburg 3
BOTTOM OF THE 3RD
Ellenburg Fighting Dachsunds batting - Pitching for Hamilton Coyotes : LHP Earl Brown
Batting: RHB José Vázquez 0-0: Called Strike
0-1: Foul Ball, location: 2F
0-2: Ball
1-2: SINGLE (Groundball, 6MD)
Batting: RHB Jack Burton 0-0: Ball
1-0: Called Strike
1-1: Grounds into double play, 6-4-3 (Groundball, 6)
Batting: RHB Preston Hernández 0-0: Ball
1-0: Reached on error, E5 (Groundball, 5)
Batting: RHB Héctor Rivera 0-0: Ball
1-0: Called Strike
1-1: DOUBLE (Line Drive, 8LD)
Preston Hernández to third
Runner from 3rd tries for Home, SAFE, no throw
Batting: LHB José Ortega 0-0: Foul Ball, location: 2F
0-1: Swinging Strike
0-2: Ball
1-2: Ball
2-2: Foul Ball, location: 2F
2-2: Foul Ball, location: 2F
2-2: Ball
3-2: Strikes out looking
Bottom of the 3rd over - 1 run(s), 2 hit(s), 1 error(s), 1 left on base; Hamilton 1 - Ellenburg 4
TOP OF THE 4TH
Hamilton Coyotes batting - Pitching for Ellenburg Fighting Dachsunds : LHP Maxime Janssens
Batting: RHB Robbie Roach 0-0: Fly out, F8 (Flyball, 8RM)
Batting: RHB Bob Sargent 0-0: Called Strike
0-1: Swinging Strike
0-2: Ball
1-2: Ball
2-2: Foul Ball, location: 2F
2-2: Ball
3-2: SINGLE (Line Drive, 89M)
Batting: LHB Ruben Yim 0-0: Called Strike
0-1: Ball
1-1: Ball
2-1: Fielders Choice at 2nd, 3-6 (Groundball, 3)
Batting: RHB Howard Fewell 0-0: Ball
1-0: Called Strike
1-1: Swinging Strike
1-2: Ball
2-2: Strikes out swinging
Top of the 4th over - 0 run(s), 1 hit(s), 0 error(s), 1 left on base; Hamilton 1 - Ellenburg 4
BOTTOM OF THE 4TH
Ellenburg Fighting Dachsunds batting - Pitching for Hamilton Coyotes : LHP Earl Brown
Batting: RHB Edwin Berns 0-0: Called Strike
0-1: Ground out 4-3 (Groundball, 4)
Batting: RHB Marty Jennings 0-0: Called Strike
0-1: Ball
1-1: SINGLE (Line Drive, 78M)
Batting: RHB Roy Bowman 0-0: Ball
1-0: Fly out, F8 (Flyball, 8RM)
Batting: RHB Norman Winston 0-0: Ball
1-0: Called Strike
1-1: Foul Ball, location: 2F
1-2: Fly out, F9 (Flyball, 9)
Bottom of the 4th over - 0 run(s), 1 hit(s), 0 error(s), 1 left on base; Hamilton 1 - Ellenburg 4
TOP OF THE 5TH
Hamilton Coyotes batting - Pitching for Ellenburg Fighting Dachsunds : LHP Maxime Janssens
Batting: RHB Elia Amberezzio 0-0: Ball
1-0: Ball
2-0: Ball
3-0: Base on Balls
Batting: RHB Juanito González 0-0: Ball
1-0: Bunted foul
1-1: Bunted foul
1-2: Fly out, F7 (Flyball, 78M)
Batting: RHB Jeffery Campbell 0-0: Ball
Elia Amberezzio steals 2nd base
1-0: Ball
2-0: SINGLE (Line Drive, 56)
Elia Amberezzio to third
Runner from 3rd tries for Home, SAFE, no throw
Batting: SHB Martín Marrero 0-0: Ball
1-0: Called Strike
1-1: Called Strike
1-2: Ball
2-2: Foul Ball, location: 2F
2-2: Ball
3-2: Strikes out looking
Batting: RHB Júlio Rodríguez 0-0: Ball
1-0: Swinging Strike
1-1: Ball
2-1: Fly out, F8 (Line Drive, 8LS)
Top of the 5th over - 1 run(s), 1 hit(s), 0 error(s), 1 left on base; Hamilton 2 - Ellenburg 4
BOTTOM OF THE 5TH
Ellenburg Fighting Dachsunds batting - Pitching for Hamilton Coyotes : LHP Earl Brown
Batting: RHB José Vázquez 0-0: Called Strike
0-1: Ball
1-1: Ball
2-1: Ground out 6-3 (Groundball, 6)
Batting: RHB Jack Burton 0-0: Foul Ball, location: 2F
0-1: Foul Ball, location: 2F
0-2: Foul Ball, location: 2F
0-2: Strikes out swinging
Batting: RHB Preston Hernández 0-0: Called Strike
0-1: Ball
1-1: Fly out, F8 (Flyball, 8LD)
Bottom of the 5th over - 0 run(s), 0 hit(s), 0 error(s), 0 left on base; Hamilton 2 - Ellenburg 4
TOP OF THE 6TH
Hamilton Coyotes batting - Pitching for Ellenburg Fighting Dachsunds : LHP Maxime Janssens
Batting: RHB Robbie Roach 0-0: Ball
1-0: Foul Ball, location: 2F
1-1: Foul Ball, location: 2F
1-2: Ball
2-2: Fly out, F7 (Flyball, 78M)
Batting: RHB Bob Sargent 0-0: Ball
1-0: Ball
2-0: Ground out 6-3 (Groundball, 6)
Batting: LHB Ruben Yim 0-0: Foul Ball, location: 2F
0-1: Ball
1-1: Called Strike
1-2: Ball
2-2: Ball
3-2: Base on Balls
Pitching: LHP Ron Anderson
Batting: RHB Howard Fewell 0-0: Ball
Throwing error on steal attempt, E2
Ruben Yim to third
1-0: Ball
2-0: Foul Ball, location: 2F
2-1: Called Strike
2-2: Foul Ball, location: 2F
2-2: Ball
3-2: Strikes out swinging
Top of the 6th over - 0 run(s), 0 hit(s), 1 error(s), 1 left on base; Hamilton 2 - Ellenburg 4
BOTTOM OF THE 6TH
Ellenburg Fighting Dachsunds batting - Pitching for Hamilton Coyotes : LHP Earl Brown
Batting: RHB Héctor Rivera 0-0: Ball
1-0: Ball
2-0: Ball
3-0: Base on Balls
Batting: LHB José Ortega 0-0: Sac Bunt - play at first, batter OUT! 1-3
Héctor Rivera to second
Batting: RHB Edwin Berns 0-0: Ball
1-0: Foul Ball, location: 2F
1-1: Foul Ball, location: 2F
1-2: Ball
2-2: SINGLE (Groundball, 34S) (infield hit)
Héctor Rivera to third
Batting: RHB Marty Jennings 0-0: Ball
1-0: Ball
2-0: Ball
3-0: Called Strike
3-1: Fly out, F8 (Line Drive, 8LM)
Batting: RHB Roy Bowman 0-0: Called Strike
0-1: Ball
1-1: Swinging Strike
1-2: Ball
2-2: Strikes out swinging
Bottom of the 6th over - 0 run(s), 1 hit(s), 0 error(s), 2 left on base; Hamilton 2 - Ellenburg 4
TOP OF THE 7TH
Hamilton Coyotes batting - Pitching for Ellenburg Fighting Dachsunds : LHP Ron Anderson
Batting: RHB Elia Amberezzio 0-0: Called Strike
0-1: Ball
1-1: Foul Ball, location: 2F
1-2: Foul Ball, location: 2F
1-2: Ball
2-2: Strikes out swinging
Batting: RHB Juanito González 0-0: Ball
1-0: Fly out, F8 (Line Drive, 8LM)
Batting: RHB Jeffery Campbell 0-0: Ball
1-0: Swinging Strike
1-1: Fly out, F8 (Line Drive, 78D)
Top of the 7th over - 0 run(s), 0 hit(s), 0 error(s), 0 left on base; Hamilton 2 - Ellenburg 4
BOTTOM OF THE 7TH
Ellenburg Fighting Dachsunds batting - Pitching for Hamilton Coyotes : LHP Earl Brown
Batting: RHB Norman Winston 0-0: Called Strike
0-1: Ball
1-1: Fly out, F7 (Flyball, 78M)
Batting: RHB José Vázquez 0-0: Fly out, F9 (Flyball, 89M)
Batting: RHB Jack Burton 0-0: SINGLE (Line Drive, 8LM)
Batting: RHB Preston Hernández 0-0: Ball
1-0: Foul Ball, location: 2F
1-1: DOUBLE (Groundball, 5L)
Jack Burton to third
Runner from 3rd tries for Home, SAFE, no throw
Pitching: RHP Carlos Domínguez
Batting: RHB Héctor Rivera 0-0: Called Strike
0-1: Ball
1-1: Swinging Strike
1-2: Strikes out swinging
Bottom of the 7th over - 1 run(s), 2 hit(s), 0 error(s), 1 left on base; Hamilton 2 - Ellenburg 5
TOP OF THE 8TH
Hamilton Coyotes batting - Pitching for Ellenburg Fighting Dachsunds : LHP Ron Anderson
Batting: SHB Martín Marrero 0-0: Called Strike
0-1: Ball
1-1: Foul Ball, location: 2F
1-2: Strikes out swinging
Batting: RHB Júlio Rodríguez 0-0: Swinging Strike
0-1: Ground out 6-3 (Groundball, 6)
Batting: RHB Robbie Roach 0-0: Ball
1-0: Called Strike
1-1: Foul Ball, location: 2F
1-2: Ball
2-2: Fly out, F4 (Line Drive, 4)
Top of the 8th over - 0 run(s), 0 hit(s), 0 error(s), 0 left on base; Hamilton 2 - Ellenburg 5
BOTTOM OF THE 8TH
Ellenburg Fighting Dachsunds batting - Pitching for Hamilton Coyotes : RHP Carlos Domínguez
Batting: LHB José Ortega 0-0: Ball
1-0: Ball
2-0: Foul Ball, location: 2F
2-1: Foul Ball, location: 2F
2-2: Foul Ball, location: 2F
2-2: Ball
3-2: Fly out, F8 (Line Drive, 8LS)
Batting: RHB Edwin Berns 0-0: Ball
1-0: Foul Ball, location: 2F
1-1: Ball
2-1: Fly out, F6 (Line Drive, 6)
Batting: RHB Marty Jennings 0-0: Called Strike
0-1: Ball
1-1: Ball
2-1: Foul Ball, location: 2F
2-2: Ground out 4-3 (Groundball, 4)
Bottom of the 8th over - 0 run(s), 0 hit(s), 0 error(s), 0 left on base; Hamilton 2 - Ellenburg 5
TOP OF THE 9TH
Hamilton Coyotes batting - Pitching for Ellenburg Fighting Dachsunds : LHP Ron Anderson
Pitching: LHP An Jang-Yop
Batting: RHB Bob Sargent 0-0: Ball
1-0: Ball
2-0: Foul Ball, location: 2F
2-1: Ball
3-1: Base on Balls
Batting: LHB Ruben Yim 0-0: Grounds into double play, 5-4-3 (Groundball, 5)
Batting: RHB Howard Fewell 0-0: Ball
1-0: Called Strike
1-1: Foul Ball, location: 2F
1-2: Strikes out swinging
Top of the 9th over - 0 run(s), 0 hit(s), 0 error(s), 0 left on base; Hamilton 2 - Ellenburg 5
Wednesday, August 23rd, 2017 - OOTP Baseball 17.12 Build 75